 Dungeon Crawl Stone Soup version 0.30-a0-996-ga6910c8ee8 (webtiles) character file.

Game seed: 1402996681514132000

1792 Orangeyouglad the Covered (level 9, -2/68 HPs)
             Began as a Human Artificer on Apr 5, 2023.
             Was a Believer of Zin.
             Shot with an arrow by a centaur (11 damage)
             ... on level 8 of the Dungeon.
             The game lasted 00:21:31 (7236 turns).

Orangeyouglad the Covered (Human Artificer)         Turns: 7236, Time: 00:21:32

Health: -2/68      AC:  7    Str: 13    XL:     9   Next: 30%
Magic:  13/13      EV: 14    Int: 13    God:    Zin [**....]
Gold:   225        SH:  0    Dex: 16    Spells: 11/14 levels left

rFire   + . .      SeeInvis .    a - +1 rapier (venom)
rCold   . . .      Faith    .    (no shield)
rNeg    . . .      Spirit   .    K - +1 robe {rF+}
rPois   .          Reflect  .    H - +0 helmet
rElec   .          Rampage  .    (no cloak)
rCorr   .                        f - +1 pair of gloves
Will    .....                    (no boots)
Stlth   +                        I - amulet of magic regeneration
HPRegen 0.31/turn                i - ring of wizardry
MPRegen 0.53/turn                A - ring of wizardry

@: very slow
A: no striking features
a: Renounce Religion, Recite, Vitalisation, Donate Gold


You were on level 8 of the Dungeon.
You worshipped Zin.
Zin was pleased with you.
You visited 2 branches of the dungeon, and saw 9 of its levels.

You collected 373 gold pieces.
You donated 148 gold pieces to Zin.

Inventory:

Hand Weapons
 a - a +1 rapier of venom (weapon)
 b - a +0 sling
Missiles
 d - a throwing net
 s - 8 poisoned darts
 E - 5 boomerangs
Armour
 f - a +1 pair of gloves (worn)
 g - a +0 leather armour
 H - a +0 helmet (worn)
 K - a +1 robe of fire resistance (worn)
Jewellery
 i - a ring of wizardry (left hand)
 A - a ring of wizardry (right hand)
 I - an amulet of magic regeneration (around neck)
Wands
 w - a wand of polymorph (11)
Scrolls
 e - 2 scrolls of enchant armour
 p - a scroll of poison {unknown}
 t - a scroll of fog {unknown}
 v - 6 scrolls of teleportation
 x - a scroll of silence {unknown}
 y - 2 scrolls of brand weapon
 C - a scroll of magic mapping {unknown}
 F - 2 scrolls of vulnerability
 G - 3 scrolls of amnesia
Potions
 c - a potion of curing
 h - a potion of lignification
 m - 2 potions of might
 n - 2 potions of berserk rage
 o - 4 potions of mutation {unknown}
 q - a potion of haste {unknown}
 z - a potion of brilliance {unknown}
 B - a potion of degeneration {unknown}
 D - 3 potions of invisibility {unknown}
 J - a potion of attraction {unknown}


   Skills:
 + Level 5.2 Fighting
 + Level 5.5 Armour
 + Level 5.3 Dodging
 - Level 1.0 Stealth
 - Level 3.0 Spellcasting
 - Level 2.0 Transmutations
 + Level 4.0 Earth Magic
 + Level 2.5 Invocations
 - Level 3.4 Evocations


You had 11 spell levels left.
You knew the following spells:

 Your Spells              Type           Power      Damage    Failure   Level
a - Passwall              Tmut/Erth      7%         N/A       2%          2
b - Sandblast             Erth           24%        2d8       1%          1

Your spell library contained the following spells:

 Spells                   Type           Power      Damage    Failure   Level
 Freeze                   Ice            4%         1d3       6%          1
 Summon Small Mammal      Summ           4%         N/A       6%          1
 Stone Arrow              Conj/Erth      14%        3d7       9%          3
 Cigotuvi's Dreadful Rot  Necr/Pois/Air  2%         N/A       10%         2
 Call Canine Familiar     Summ           1%         N/A       17%         3
 Frozen Ramparts          Ice            2%         1d1       17%         3
 Hailstorm                Conj/Ice       1%         3d3       17%         3
 Summon Guardian Golem    Hex/Summ       1%         N/A       17%         3
 Dispel Undead            Necr           1%         3d6       47%         4
 Death Channel            Necr           0%         N/A       100%        6


Dungeon Overview and Level Annotations

Branches:
Dungeon (8/15)             Temple (1/1) D:6
   Lair: D:8-11

Altars:
Ashenzari
Cheibriados
Dithmenos
Elyvilon
Fedhas
Gozag
Hepliaklqana
Kikubaaqudgha
Makhleb
Nemelex Xobeh
Qazlal
Sif Muna
Trog
Uskayaw
Vehumet
Wu Jian
Xom
Yredelemnul
Zin
The Shining One

Shops:
D:3 :

Portals:
Bailey: D:8

Annotations:
D:7 Menkaure


Message History

Your unstable footing causes you to fumble your attack.
The orc hits you.
* * * LOW HITPOINT WARNING * * *
The centaur shoots an arrow.
The arrow hits you.
* * * LOW HITPOINT WARNING * * *
The orc closely misses you.
You closely miss the orc.
You feel less invigorated.
You feel less confused.
The centaur shoots an arrow.
The arrow barely misses you. The orc hits you.
* * * LOW HITPOINT WARNING * * *
Your unstable footing causes you to fumble your attack.
The orc splashes around in the water.
Your unstable footing causes you to fumble your attack.
The centaur shoots an arrow.
The arrow misses you.
The orc splashes around in the water.
The centaur shoots an arrow.
The arrow barely misses you.
The centaur shoots an arrow.
The arrow misses you.
The centaur shoots an arrow.
The arrow hits you.
* * * LOW HITPOINT WARNING * * *
The orc hits you but does no damage.
You barely miss the orc. The orc closely misses you.
You hit the orc but do no damage.
The orc is poisoned.
The orc splashes around in the water.
The orc hits you but does no damage.
You closely miss the orc.
The orc is moderately wounded.
The orc closely misses you.
You hit the orc.
The orc looks even sicker.
The orc is almost dead.
You kill the orc!
You hear a splash.
The centaur shoots an arrow.
The arrow hits you!
* * * LOW HITPOINT WARNING * * *
The centaur shoots an arrow.
The arrow hits you.
* * * LOW HITPOINT WARNING * * *
Okay, then.
You feel better.
The centaur shoots an arrow.
The arrow barely misses you.
You enter the shallow water.
Moving in this stuff is going to be slow.
The centaur shoots an arrow.
The arrow hits you!
You die...

#.........##..#...##
#............##<#.#
######...........# #.# #
####...............# ...#
#.c.....~~~~c≈~...###.###
........≈####≈~.........
........~#∩.#≈~......#
......#.~#..'≈≈.[....#
......#.~#..'(@......#
.....##.~#..'≈≈......#
........~#>.#≈~......#
......#.~####~~......#
......#.≈~~~~~~......#
..... #..............#
#.... ###.##.#.......#
#### #.#.......$..#
..#..###...o.#


You could see a centaur.

Vanquished Creatures
  A steam dragon (D:6)
  2 water moccasins
  An ice beast (D:6)
  A sky beast (D:7)
  A black bear (D:5)
  An ogre (D:5)
  A gnoll sergeant (D:7)
  2 bullfrogs
  A scorpion (D:5)
  A howler monkey (D:7)
  4 jellies
  2 hounds (D:5)
  3 orc priests
  An iron imp (D:5)
  A sleepcap (D:6)
  4 orc wizards
  3 gnolls
  5 adders
  4 dart slugs
  16 orcs
  6 ball pythons
  4 endoplasms
  15 goblins
  4 hobgoblins
  5 quokkas
  6 bats
  7 kobolds
  5 rats
107 creatures vanquished.

Vanquished Creatures (collateral kills)
  A sky beast (D:6)
  A phantom (D:6)
  2 orc priests
  An adder (D:6)
  5 orcs (D:6)
  A giant cockroach (D:1)
  A rat (D:1)
12 creatures vanquished.

Vanquished Creatures (others)
  A water moccasin (D:6)
  An orc warrior (D:6)
  An iguana (D:5)
  A gnoll (D:7)
  A ball python (D:1)
  2 plants (D:5)
  8 toadstools (D:8)
15 creatures vanquished.

Grand Total: 134 creatures vanquished

Notes
Turn   | Place    | Note
-------+----------+-------------------------------------------
     0 | D:1      | Orangeyouglad the Human Artificer began the quest for the
                  | Orb.
     0 | D:1      | Reached XP level 1. HP: 15/15 MP: 1/1
   117 | D:1      | Reached XP level 2. HP: 21/21 MP: 2/2
   513 | D:1      | Reached XP level 3. HP: 17/26 MP: 3/3
  1002 | D:2      | Learned a level 2 spell: Passwall
  1035 | D:2      | Reached XP level 4. HP: 33/33 MP: 4/4
  1385 | D:3      | Found Isigriel's Vocational Training.
  2244 | D:3      | Found a faded altar of an unknown god.
  2389 | D:4      | Reached XP level 5. HP: 37/38 MP: 6/6
  2770 | D:5      | Entered Level 5 of the Dungeon
  2895 | D:5      | Reached skill level 1 in Spellcasting
  2895 | D:5      | Reached skill level 1 in Transmutations
  3087 | D:5      | Found a snail-covered altar of Cheibriados.
  3519 | D:5      | Reached XP level 6. HP: 44/46 MP: 6/8
  4124 | D:5      | Noticed a black bear
  4126 | D:5      | Reached XP level 7. HP: 52/52 MP: 8/10
  4128 | D:5      | Reached skill level 1 in Earth Magic
  4249 | D:6      | Noticed a steam dragon
  4327 | D:6      | Noticed a water moccasin
  4351 | D:6      | Found a staircase to the Ecumenical Temple.
  4357 | D:6      | Noticed a water moccasin
  4376 | D:6      | Killed a water moccasin
  4399 | D:6      | Reached XP level 8. HP: 21/60 MP: 12/12
  4574 | Temple   | Entered the Ecumenical Temple
  4728 | Temple   | Became a worshipper of Zin the Law-Giver
  4728 | Temple   | Reached * piety under Zin
  4743 | D:6      | Donated 111 gold pieces to Zin
  5307 | D:6      | Learned a level 1 spell: Sandblast
  5799 | D:7      | Reached skill level 5 in Armour
  5972 | D:5      | Reached skill level 1 in Invocations
  6176 | D:7      | Reached XP level 9. HP: 67/67 MP: 13/13
  6210 | D:7      | Reached skill level 5 in Dodging
  6231 | D:7      | Reached skill level 5 in Fighting
  6653 | D:7      | Reached ** piety under Zin
  7006 | D:7      | Noticed Menkaure
  7209 | D:8      | Found a flagged portal.
  7234 | D:8      | HP: 1/68 [centaur/arrow (5)]
  7236 | D:8      | Shot with an arrow by a centaur

Illustrated notes

Levels and vault maps discovered:
D:1:      psy_arrival_terrarium, layout_basic
D:2:      layout_rooms
D:3:      layout_basic, dreamdust_ecumenical_altar_hidden_monk_grotto,
          nicolae_shop_vocational
D:4:      layout_basic
D:5:      wad_lake_hut, layout_loops_corners, chei_slow_surprise,
          grunt_decor_resistance, wad_rectangle_vault
D:6:      layout_basic, minmay_temple_entry_mini_moons,
          nicolae_concentric_dashed_squares_wild
D:7:      layout_loops_corners, amethyst_killhole, nicolae_nh_oracle_at_delphi,
          uniq_menkaure
D:8:      cheibrodos_fertilizer, layout_rooms, ebering_ghost_disaster_area,
          enter_bailey_4, uniq_grum
Temple:   compressed_dpeg_triangle_lava_temple

Skill      XL: |  1  2  3  4  5  6  7  8  9 |
---------------+----------------------------+-----
Dodging        | 2 3 4 5 |  5.3
Fighting       | 2 3 4 5 |  5.2
Armour         | 3 4 5 |  5.5
Spellcasting   | 1 2 3 |  3.0
Transmutations | 1 2 |  2.0
Earth Magic    | 1 3 4 |  4.0
Invocations    | 1 2 |  2.5
Stealth        | |  1.0
Evocations     | |  3.4

Action                     |  1- 3 |  4- 6 |  7- 9 || total
---------------------------+-------+-------+-------++-------
  Melee: Club              |    11 |       |       ||    11
         Short sword       |    23 |       |       ||    23
         Dagger            |    50 |    16 |       ||    66
         Rapier            |       |    96 |   121 ||   217
         Punch             |       |     2 |     3 ||     5
   Fire: Sling             |       |       |    17 ||    17
   Cast: Sandblast         |       |       |    15 ||    15
         Passwall          |       |       |     1 ||     1
 Invoke: Recite            |       |       |     3 ||     3
         Donate Gold       |       |       |     1 ||     1
  Evoke: Wand              |     5 |    20 |    13 ||    38
    Use: Potion            |       |     1 |     4 ||     5
         Scroll            |       |       |    12 ||    12
   Stab: Sleeping          |     2 |     2 |       ||     4
         Distracted        |       |     1 |     1 ||     2
         Confused          |       |       |     1 ||     1
 Armour: Leather armour    |    25 |    20 |       ||    45
         Robe              |       |     7 |    40 ||    47
  Dodge: Dodged            |    46 |    62 |   122 ||   230

Table legend: (Time is in decaauts)
 A = Elapsed time spent in this place.
 B = Non-inter-level travel time spent in this place.
 C = Inter-level travel time spent in this place.
 D = Time resting spent in this place.
 E = Time spent auto-exploring this place.
 F = Levels seen in this place.
 G = Mean time per level.
                   A        B        C        D        E       F      G
               +--------+--------+--------+--------+--------+-----+--------+
         Total |   7337 |   6852 |    485 |   1393 |   3416 |   9 |  815.2 |
       Dungeon |   7177 |   6692 |    485 |   1393 |   3298 |   8 |  897.1 |
        Temple |    159 |    159 |      0 |      0 |    118 |   1 |  159.0 |
               +--------+--------+--------+--------+--------+-----+--------+

Top non-repeatable levels by time:
     D:5: 1754 daAuts
     D:6: 1259 daAuts
     D:7: 1100 daAuts
     D:3: 945 daAuts
     D:1: 824 daAuts
     D:4: 622 daAuts
     D:2: 559 daAuts
  Temple: 159 daAuts
     D:8: 112 daAuts
